Map: Abyssal Reef LE

Players

llllllllllll - Winner!

  • Race: Terran Terran
  • Spawn Location: 5:00

SEiSHiN

  • Race: Terran Terran
  • League: Platinum
  • Spawn Location: 11:00

VOD

Have the link to the VOD?

Description

Time

  • Played on: Sept. 11, 2017, 3:44 a.m.
  • Length: 3:10
Show
View Real Time Build Order
Export as new Build Order

llllllllllll Terran - Winner!

Build Orders: Cyclone Opening 

Get SALT Encoding   

  12  0:01  SCV  
  13  0:13  SCV  
  14  0:17  Supply Depot  
  14  0:25  SCV  
  15  0:31  Refinery  
  15  0:39  SCV  
  16  0:45  Refinery  
  16  0:51  SCV  
  17  1:01  Barracks  
  17  1:03  SCV  
  18  1:15  SCV  
  19  1:23  Supply Depot  
  19  1:27  SCV  
  20  1:39  SCV  
  21  1:49  Factory  
  21  1:50  Marine  
  22  1:55  SCV  
  22  2:01  Supply Depot  
  23  2:08  Marine  
  24  2:16  Supply Depot  
  24  2:34  Cyclone  
  25  2:44  Marine  
Show
View Real Time Build Order
Export as new Build Order

SEiSHiN Terran 

Build Orders:  

Get SALT Encoding   

  12  0:10  Supply Depot  
  12  0:50  Barracks  
  12  0:58  Barracks  
  12  1:12  Barracks  
  12  1:37  Marine  
  13  1:44  Marine  
  14  1:55  Marine  
  14  1:58  Marine  
  16  2:02  Marine  
  17  2:13  Marine  
  18  2:16  Marine  
  18  2:20  Marine  
  20  2:30  Bunker  
  20  2:31  Marine  
  20  2:34  Marine  
  20  2:38  Marine  
  19  2:48  Marine  
Tags
 
League
Platinum
Matchup
TvT
Race
Terran
Spawn Locations
Cross Positions
Add a new tag
Caveats
  • Supply blocks, unpowered buildings, or Contaminate may cause inaccurate times.
  • Supply counts are checked every 10 seconds.